 Dungeon Crawl Stone Soup version 0.29.1-1-gd02db6906a (webtiles) character file.

Game seed: 5621562473337692739

105802 wingedge the Fighter (level 15, -10/137 HPs)
             Began as a Demigod Air Elementalist on Oct 16, 2022.
             Mangled by a large abomination (27 damage)
             ... on level 2 of the Abyss on Oct 17, 2022.
             The game lasted 02:00:06 (39176 turns).

wingedge the Fighter (Demigod Air Elementalist)    Turns: 39176, Time: 02:00:07

Health: -10/137    AC: 21    Str:  5    XL:     15   Next: 48%
Magic:  17/32      EV: 16    Int: 46    God:
Gold:   1607       SH: 10    Dex: 16    Spells: 0/32 levels left

rFire   + . .      SeeInvis .   a - +9 broad axe of Reajuedgh {protect, rCorr Str-4 Dex+2}
rCold   . . .      Faith    .   A - +0 kite shield
rNeg    . . .      Spirit   .   R - +2 robe {rF+}
rPois   .          Reflect  .   N - +2 helmet {Int+3}
rElec   .          Harm     .   L - +0 cloak
rCorr   +          Rampage  .   j - +1 pair of gloves
Will    +....      Rage     3%  x - +1 pair of boots
Stlth   ++........              u - amulet of magic regeneration
HPRegen 0.00/turn               z - +6 ring of intelligence
MPRegen 0.63/turn               r - +4 ring of evasion

@: under a protective aura, on berserk cooldown, sick, slightly contaminated,
hasted and slowed
A: high MP 1, forlorn, divine attributes, iridescent scales 1, berserk 1
a: no special abilities


You were on level 2 of the Abyss.
You visited 3 branches of the dungeon, and saw 21 of its levels.
You visited the Abyss 1 time.
You also visited: Volcano.

You collected 2914 gold pieces.
You spent 1307 gold pieces at shops.

Inventory:

Hand Weapons
 a - the +9 broad axe of Reajuedgh (weapon) {protect, rCorr Str-4 Dex+2}
   (You took it off Frances on level 14 of the Dungeon)

   It grants its wielder temporary protection when it strikes (+7 to AC).
   Str:       It affects your strength (-4).
   Dex:       It affects your dexterity (+2).
   rCorr:     It protects you from acid and corrosion.
 b - a +3 hand crossbow of flaming
 s - a +0 broad axe of flaming
 Q - the +7 hand axe of Wrongful Imprisonment {distort, +Blink rPois rCorr Int-3}
   (You found it on level 2 of the Dungeon)

   It warps and distorts space around it, and may blink, banish, or inflict
   extra damage upon those it strikes.
   Unwielding it can cause banishment or high damage.
   Int:       It affects your intelligence (-3).
   rPois:     It protects you from poison.
   +Blink:    It lets you blink.
   rCorr:     It protects you from acid and corrosion.
 T - a +1 battleaxe of flaming
Missiles
 P - 6 curare-tipped darts (quivered)
Armour
 j - a +1 pair of gloves (worn)
 x - a +1 pair of boots (worn)
 A - a +0 kite shield (worn)
 C - a +2 leather armour of fire resistance
 L - a +0 cloak (worn)
 N - a +2 helmet of intelligence (worn)
 R - a +2 robe of fire resistance (worn)
Magical Staves
 v - a staff of fire
Jewellery
 f - a ring of wizardry
 l - a +6 ring of strength
 o - a ring of magical power
 q - a ring of poison resistance
 r - a +4 ring of evasion (right hand)
 t - the ring "Nenub" {Int+2 SInv}
   (You found it on level 3 of the Dungeon)

   [ring of see invisible]

   Int:       It affects your intelligence (+2).
   SInv:      It lets you see invisible.
 u - an amulet of magic regeneration (around neck)
 z - a +6 ring of intelligence (left hand)
Wands
 n - a wand of roots (14)
 D - a wand of flame (9)
 E - a wand of charming (24)
 S - a wand of digging (2)
 V - a wand of mindburst (13)
Scrolls
 e - 11 scrolls of teleportation
 k - 2 scrolls of butterflies
 m - 2 scrolls of brand weapon
 y - 3 scrolls of amnesia
 H - 3 scrolls of magic mapping
 J - 3 scrolls of enchant weapon
 M - 2 scrolls of silence
 U - 2 scrolls of fear
 Y - 2 scrolls of immolation
Potions
 c - 6 potions of mutation
 d - 2 potions of haste
 g - 5 potions of might
 i - 5 potions of curing
 p - a potion of invisibility
 w - a potion of heal wounds
 B - 3 potions of cancellation
 F - 3 potions of brilliance
 G - a potion of ambrosia
 I - 2 potions of flight
 W - a potion of magic
 X - a potion of berserk rage
Miscellaneous
 Z - a condenser vane


   Skills:
 + Level 13.7 Fighting
 + Level 6.5 Axes
 - Level 3.0 Armour
 - Level 5.0 Dodging
 - Level 2.0 Stealth
 - Level 5.0 Shields
 - Level 9.0 Spellcasting
 - Level 13.0 Conjurations
 - Level 1.0 Summonings
 - Level 5.0 Transmutations
 - Level 4.0 Ice Magic
 - Level 12.0 Air Magic
 - Level 2.0 Earth Magic
 - Level 2.0 Evocations


You couldn't memorise any spells.
You knew the following spells:

 Your Spells              Type           Power      Damage    Failure   Level
a - Orb of Destruction    Conj           48%        9d13      14%         7
b - Static Discharge      Conj/Air       94%        3-15/arc  1%          2
c - Swiftness             Air            92%        N/A       1%          3
d - Airstrike             Air            46%        2d(7-23)  1%          4
e - Wereblood             Tmut           61%        N/A       1%          2
g - Ozocubu's Armour      Ice            55%        N/A       1%          3
h - Conjure Ball Lightni  Conj/Air       47%        3x3d16    3%          6
i - Irradiate             Conj/Tmut      40%        3d25      2%          5

Your spell library contained the following spells:

 Spells                   Type           Power      Damage    Failure   Level
 Foxfire                  Conj/Fire      100%       2x1d9     1%          1
 Sandblast                Erth           78%        2d17      1%          1
 Shock                    Conj/Air       100%       1d9       1%          1
 Passwall                 Tmut/Erth      43%        N/A       1%          2
 Conjure Flame            Conj/Fire      69%        6-21      1%          3
 Dazzling Flash           Conj/Hex       100%       N/A       1%          3
 Frozen Ramparts          Ice            100%       1d16      1%          3
 Mephitic Cloud           Conj/Pois/Air  77%        N/A       1%          3
 Stone Arrow              Conj/Erth      100%       3d13      1%          3
 Freezing Cloud           Conj/Ice/Air   41%        6-21      1%          5
 Ensorcelled Hibernation  Hex/Ice        78%        N/A       2%          2
 Flame Wave               Conj/Fire      69%        2d16      2%          4
 Slow                     Hex            80%        N/A       3%          1
 Spider Form              Tmut/Pois      43%        N/A       3%          3
 Sublimation of Blood     Necr           20%        N/A       5%          2
 Ignite Poison            Fire/Tmut/Pois 36%        N/A       5%          3
 Ice Form                 Ice/Tmut       58%        N/A       5%          4
 Summon Guardian Golem    Hex/Summ       25%        N/A       9%          3
 Petrify                  Tmut/Erth      52%        N/A       9%          4
 Silence                  Hex/Air        33%        N/A       9%          5
 Confusing Touch          Hex            20%        N/A       11%         3
 Inner Flame              Hex/Fire       20%        N/A       11%         3
 Vampiric Draining        Necr           20%        2d7       11%         3
 Summon Ice Beast         Ice/Summ       43%        N/A       13%         4
 Anguish                  Hex/Necr       10%        N/A       34%         4
 Alistair's Intoxication  Tmut/Pois      28%        N/A       34%         5
 Agony                    Necr           20%        N/A       69%         5
 Statue Form              Tmut/Erth      34%        N/A       78%         6
 Spellforged Servitor     Conj/Summ      35%        N/A       86%         7
 Summon Hydra             Summ           14%        N/A       100%        7
 Chain Lightning          Conj/Air       47%        3d62      100%        9


Dungeon Overview and Level Annotations

Branches:
Dungeon (14/15)            Temple (0/1) D:7            Lair (5/5) D:11
  Swamp (0/4) Lair:3       Spider (0/4) Lair:3        Slime (0/5) Lair:4
    Orc (2/2) D:12            Elf (0/3) Orc:2       Volcano (visited)
 Vaults: D:13-14

Shops:
D:10 *   Orc:2 ?:**

Portals:
Trove: D:12 (give 16 scrolls of teleportation)


Innate Abilities, Weirdness & Mutations

You have an increased reservoir of magic. (+10% MP)
You shall have no god before yourself.
Your divine heritage dramatically boosts your attributes as you level up.
You are partially covered in iridescent scales. (AC +2)
You sometimes lose your temper in combat.


Message History

Unknown command.
You closely miss the raiju.
The raiju is heavily wounded.
You slash the large abomination! The raiju misses you.
The large abomination hits you!
* * * LOW HITPOINT WARNING * * *
Unknown command.
Unknown command.
You hit the raiju.
The raiju is heavily wounded.
You slash the large abomination! You block the raiju's attack.
The large abomination hits you but does no damage.
Unknown command.
Unknown command.
You slash the raiju!
The raiju is almost dead.
You barely miss the large abomination. You block the raiju's attack.
The large abomination completely misses you.
Unknown command.
Unknown command.
You hit the raiju.
The raiju is almost dead.
You slash the large abomination! You block the raiju's attack.
You block the large abomination's attack.
Unknown command.
Unknown command.
You miss the raiju.
The raiju is almost dead.
You hit the large abomination but do no damage.
You are no longer berserk.
You are exhausted.
You feel yourself slow down. You block the raiju's attack.
The large abomination hits you!
* * * LOW HITPOINT WARNING * * *
Unknown command.
You slash the raiju!
You kill the raiju!
You hit the large abomination but do no damage.
The large abomination hits you!!
You die...

. . .# #.## #
. .# # . #.#.
.. . .## #.#.#
... #..###..
##### #...
#..#.#...# ..
..
#...###†X....#
. . .
.....†#@.# .#
....##....# .#
. #......#.# .
# #.#.#....##
. # # ###....#
. ..###.. ..
##..# ..# ##..
.... ..# #..


You could see a large abomination.

Vanquished Creatures
  Frances (D:14)
  A tentacled starspawn (Abyss:2)
  An orc warlord (Orc:2)
  Erolcha (D:11)
  3 boulder beetles
  A great orb of eyes (D:13)
  Erica (D:8)
  7 hydras
  5 centaur warriors
  3 catoblepae
  9 death yaks
  5 two-headed ogres
  A tengu warrior (D:13)
  An orc high priest (Orc:2)
  A thrashing horror (Abyss:2)
  4 hell knights (D:13)
  Amaemon (Lair:2)
  Lodul (D:14)
  5 skeletal warriors
  2 wizards (D:13)
  2 orc knights
  A lindwurm (Lair:5)
  3 necromancers (D:13)
  4 orc sorcerers
  Pikel (D:8)
  A deep elf pyromancer (D:12)
  2 salamanders (Volcano)
  9 cyclopes
  An oklob plant (Lair:5)
  7 ugly things
  A worldbinder (Abyss:2)
  4 manticores
  2 rust devils (D:13)
  8 black mambas
  A torpor snail (Lair:4)
  Joseph (D:9)
  25 elephants
  2 gargoyles (D:12)
  Maggie (Lair:1)
  2 orange demons
  5 cane toads
  A kobold demonologist (D:11)
  A freezing wraith (D:14)
  An ancient zyme (Abyss:2)
  9 komodo dragons
  3 meliai (D:14)
  A queen bee (Lair:1)
  A troll (Orc:2)
  A hornet (Lair:3)
  9 blink frogs
  6 dream sheep (Lair:5)
  3 polar bears (Lair:4)
  8 slime creatures
  4 raiju (Abyss:2)
  A culicivora (Lair:3)
  A vampire (D:11)
  2 small abominations (Abyss:2)
  3 shadows (D:11)
  A fire bat (Volcano)
  58 yaks
  A basilisk (D:12)
  A wraith (D:12)
  4 wyverns
  A neqoxec (Abyss:2)
  A steam dragon (D:8)
  13 vampire mosquitoes
  Edmund (Abyss:2)
  3 acid dragons
  A warg (Orc:1)
  10 water moccasins
  9 hell hounds
  3 ice beasts
  An ice beast (shapeshifter) (D:9)
  2 black bears
  18 orc warriors
  14 ogres
  14 centaurs
  10 wolves
  2 lemures (D:8)
  A phantom (D:6)
  18 kobold brigands
  A necrophage (D:7)
  8 bullfrogs
  3 scorpions
  A gnoll sergeant (D:8)
  8 wights (D:8)
  31 killer bees
  2 electric eels (Lair:4)
  A howler monkey (D:6)
  7 starcursed masses (Abyss:2)
  17 orc priests
  A hound (D:5)
  7 jellies
  3 gnoll boudas
  2 iguanas
  Natasha (thrice) (D:2)
  29 orc wizards
  Ijyb (D:5)
  19 gnolls
  12 adders
  2 shadow imps
  2 white imps
  A worm (D:3)
  A dart slug (D:5)
  64 orcs
  A ball python (shapeshifter) (D:9)
  10 ball pythons
  9 endoplasms
  8 giant cockroaches
  6 goblins
  6 hobgoblins
  6 jackals
  4 quokkas
  4 bats
  2 frilled lizards (D:2)
  18 kobolds
  5 rats
  2 starspawn tentacles (Abyss:2)
686 creatures vanquished.

Vanquished Creatures (collateral kills)
  A boulder beetle (D:13)
  A gargoyle (D:13)
  A centaur (D:13)
  4 ball lightnings
7 creatures vanquished.

Vanquished Creatures (others)
  A yak (Lair:5)
  A human (D:14)
  An orc wizard (Orc:2)
  180 ball lightnings
  2 bushes (Lair:5)
  46 fungi
  90 plants
  6 starspawn tentacles (Abyss:2)
327 creatures vanquished.

Grand Total: 1020 creatures vanquished

Notes
Turn   | Place    | Note
-------+----------+-------------------------------------------
     0 | D:1      | wingedge the Demigod Air Elementalist began the quest for
                  | the Orb.
     0 | D:1      | Reached XP level 1. HP: 14/14 MP: 5/5
    48 | D:1      | Reached skill level 1 in Conjurations
   418 | D:1      | Reached XP level 2. HP: 20/20 MP: 5/7
   519 | D:1      | Learned a level 2 spell: Static Discharge
   818 | D:1      | Reached skill level 1 in Fighting
  1203 | D:2      | Noticed Natasha
  1209 | D:2      | Killed Natasha
  1210 | D:2      | Reached XP level 3. HP: 9/28 MP: 1/8
  1245 | D:2      | Noticed Natasha
  1426 | D:2      | Killed Natasha
  1427 | D:2      | Reached XP level 4. HP: 24/36 MP: 0/9
  1456 | D:2      | Noticed Natasha
  1532 | D:2      | Killed Natasha
  1620 | D:2      | Identified the +7 hand axe of Wrongful Imprisonment
                  | {distort, +Blink rPois rCorr Int-3}
  1726 | D:2      | Learned a level 3 spell: Swiftness
  2203 | D:2      | Reached skill level 1 in Evocations
  2208 | D:2      | Reached skill level 1 in Axes
  2299 | D:2      | Reached XP level 5. HP: 45/45 MP: 3/10
  2938 | D:3      | Identified the ring "Nenub" {Int+2 SInv}
  4286 | D:4      | Reached XP level 6. HP: 50/52 MP: 6/11
  5136 | D:5      | Entered Level 5 of the Dungeon
  5280 | D:5      | Noticed Edmund
  5567 | D:5      | Learned a level 4 spell: Airstrike
  5707 | D:5      | Banished Edmund
  5708 | D:5      | Reached XP level 7. HP: 59/59 MP: 6/14
  6421 | D:5      | Reached skill level 5 in Fighting
  6541 | D:5      | Noticed Ijyb
  6544 | D:5      | Killed Ijyb
  7067 | D:6      | Reached XP level 8. HP: 68/68 MP: 1/17
  7262 | D:6      | Learned a level 2 spell: Wereblood
  7266 | D:6      | Learned a level 3 spell: Stone Arrow
  7819 | D:6      | Reached skill level 1 in Transmutations
  8016 | D:7      | Found a staircase to the Ecumenical Temple.
  8049 | D:7      | Reached skill level 5 in Air Magic
  8049 | D:7      | Reached skill level 1 in Earth Magic
  8935 | D:8      | Noticed Erica
  9075 | D:8      | Killed Erica
  9076 | D:8      | Reached skill level 5 in Spellcasting
  9076 | D:8      | Reached XP level 9. HP: 69/75 MP: 2/20
  9334 | D:8      | Identified a scroll of acquirement
  9335 | D:8      | Acquired Kozunul's Anthology of Frostbite and Ozone
  9341 | D:8      | Learned a level 3 spell: Ozocubu's Armour
  9487 | D:8      | Reached skill level 1 in Ice Magic
 10579 | D:8      | Noticed Pikel
 10581 | D:8      | Killed Pikel
 11027 | D:9      | Reached skill level 1 in Armour
 11384 | D:9      | Noticed Joseph
 11394 | D:9      | Killed Joseph
 11395 | D:9      | Reached skill level 5 in Axes
 11395 | D:9      | Reached XP level 10. HP: 73/86 MP: 19/22
 11676 | D:10     | Entered Level 10 of the Dungeon
 11707 | D:10     | Noticed a manticore
 11719 | D:10     | Killed a manticore
 11941 | D:10     | Reached skill level 5 in Conjurations
 12329 | D:10     | Found Zin's Purification Station.
 12555 | D:11     | Noticed a two-headed ogre
 12564 | D:11     | Killed a two-headed ogre
 12708 | D:11     | Noticed a death yak
 12712 | D:11     | Noticed a death yak
 12713 | D:11     | Noticed a six-headed hydra
 12714 | D:11     | Noticed a death yak
 12715 | D:11     | Killed a death yak
 12715 | D:11     | Noticed a death yak
 12715 | D:11     | Noticed a death yak
 12717 | D:11     | Noticed a death yak
 12912 | D:11     | Noticed Erolcha
 12918 | D:11     | Killed Erolcha
 12971 | D:11     | Found a staircase to the Lair.
 12971 | D:11     | Noticed a death yak
 12971 | D:11     | Noticed a death yak
 12971 | D:11     | Noticed a death yak
 12972 | D:11     | Noticed a death yak
 12976 | D:11     | Banished a death yak
 12998 | D:10     | Killed a death yak
 12999 | D:10     | Reached skill level 5 in Dodging
 13463 | D:11     | Killed a death yak
 13464 | D:11     | Reached XP level 11. HP: 94/94 MP: 0/25
 13599 | D:11     | Learned a level 6 spell: Conjure Ball Lightning
 13687 | D:11     | Noticed a sun demon
 13896 | D:11     | Noticed a two-headed ogre
 13909 | D:11     | Killed a two-headed ogre
 14254 | D:11     | Killed a six-headed hydra
 14428 | Lair:1   | Entered Level 1 of the Lair of Beasts
 14492 | Lair:1   | Noticed a boulder beetle
 14502 | Lair:1   | Killed a boulder beetle
 14557 | Lair:1   | Noticed a boulder beetle
 14569 | Lair:1   | Killed a boulder beetle
 14880 | Lair:1   | Noticed Maggie
 14885 | Lair:1   | Killed Maggie
 15545 | Lair:1   | Noticed a four-headed hydra
 15550 | Lair:1   | Killed a four-headed hydra
 15551 | Lair:1   | Reached XP level 12. HP: 104/104 MP: 6/26
 17683 | Lair:2   | Noticed Amaemon
 17690 | Lair:2   | Killed Amaemon
 17691 | Lair:2   | Reached skill level 10 in Air Magic
 18474 | Lair:2   | Reached skill level 10 in Fighting
 19716 | Lair:3   | Found a hole to the Spider Nest.
 19910 | Lair:3   | Noticed a boulder beetle
 19916 | Lair:3   | Killed a boulder beetle
 20879 | Lair:3   | Found a staircase to the Swamp.
 21364 | Lair:4   | Noticed a five-headed hydra
 21365 | Lair:4   | Reached XP level 13. HP: 43/116 MP: 18/29
 22457 | Lair:4   | Found a staircase to the Slime Pits.
 22545 | Lair:4   | Reached skill level 10 in Conjurations
 24340 | Lair:5   | Entered Level 5 of the Lair of Beasts
 26049 | Lair:5   | Reached skill level 1 in Shields
 27759 | Lair:5   | Reached XP level 14. HP: 126/126 MP: 18/31
 30400 | D:12     | Found a staircase to the Orcish Mines.
 30455 | D:12     | You fall into a shaft and drop 1 floor!
 30854 | D:12     | Found a portal to a secret trove of treasure.
 31385 | Orc:1    | Entered Level 1 of the Orcish Mines
 31455 | Orc:1    | Found a dark tunnel.
 31463 | Volcano  | Entered a volcano
 32403 | Orc:2    | Entered Level 2 of the Orcish Mines
 32971 | Orc:2    | Found a staircase to the Elven Halls.
 32987 | Orc:2    | Noticed an orc warlord
 33223 | Orc:2    | Killed an orc warlord
 33245 | Orc:2    | Paralysed by an orc sorcerer for 4 turns
 34268 | Orc:2    | Found Abod Pad's Book Emporium.
 34268 | Orc:2    | Found Ikhlun's Magic Scroll Emporium.
 34269 | Orc:2    | Found Coog's Assorted Antiques.
 34272 | Orc:2    | Found Wumo's General Store.
 34277 | Orc:2    | Bought a scroll of fear for 68 gold pieces
 34277 | Orc:2    | Bought a scroll of fear for 68 gold pieces
 34279 | Orc:2    | Bought a scroll of noise for 13 gold pieces
 34279 | Orc:2    | Bought a scroll of teleportation for 39 gold pieces
 34281 | Orc:2    | Bought a fizzy sapphire potion for 31 gold pieces
 34283 | Orc:2    | Bought a book of Alchemy for 448 gold pieces
 34283 | Orc:2    | Bought a book of Dangerous Friends for 640 gold pieces
 34289 | Orc:2    | Learned a level 5 spell: Irradiate
 35607 | D:13     | Found a runed translucent door.
 35719 | D:13     | Got the Octavo of Gusty Transmutation
 35791 | D:13     | Paralysed by a great orb of eyes for 5 turns
 35831 | D:13     | Reached skill level 5 in Shields
 35866 | D:13     | Reached XP level 15. HP: 104/135 MP: 1/32
 36057 | D:13     | Learned a level 7 spell: Orb of Destruction
 36803 | D:14     | Reached skill level 1 in Summonings
 36803 | D:14     | Reached skill level 5 in Transmutations
 37517 | D:14     | Noticed Lodul
 37525 | D:14     | Killed Lodul
 38662 | D:14     | Identified the +9 broad axe of Reajuedgh {protect, rCorr
                  | Str-4 Dex+2}
 38662 | D:14     | Noticed Frances
 38798 | D:14     | Killed Frances
 38939 | Abyss:2  | Cast into level 2 of the Abyss (unwielding a weapon of
                  | distortion)
 38943 | Abyss:2  | Killed Edmund
 38999 | Abyss:2  | Noticed a bone dragon
 39040 | Abyss:2  | Gained mutation: You are partially covered in iridescent
                  | scales. (AC +2) [a neqoxec]
 39042 | Abyss:2  | Noticed a tentacled starspawn
 39097 | Abyss:2  | Killed a tentacled starspawn
 39153 | Abyss:2  | Gained mutation: You sometimes lose your temper in combat.
                  | [mutagenic glow]
 39176 | Abyss:2  | Mangled by a large abomination

Illustrated notes

Levels and vault maps discovered:
D:1:      lightli_arrival_quake, layout_rooms,
          hellmonk_ecumenical_altar_crossroads
D:2:      layout_rooms, uniq_natasha
D:3:      layout_loops_cross, kennysheep_minor_cross
D:4:      layout_layer_cave, nicolae_overflow_hidden_temple
D:5:      layout_rooms, mainiacjoe_overflow_paths, minivault_11,
          minmay_misc_feat_hallway, roderic_lattice_a, uniq_edmund, uniq_ijyb
D:6:      layout_basic, okawaru_altar_gauntlet_db
D:7:      layout_basic, lemuel_crystal_altar, mainiacjoe_overflow_alcove_1,
          temple_pool_b
D:8:      layout_loops_ring, old_standard_altar, uniq_pikel, uniq_erica
D:9:      layout_roguey, xom_shifter_show, uniq_joseph
D:10:     layout_loops_ring, zin_purify
D:11:     layout_roguey [special_room_kobold], dpeg_lair_monsters,
          minmay_misc_feat_chi, uniq_erolcha
D:12:     layout_roguey, david_orc_2, enter_trove_1, minmay_circle_x
D:13:     mludivico_vault, layout_irregular_city
D:14:     layout_stronghold, ximxim_vaults_locker_room, serial_column_ruins,
          column_ruins_hut_pillars, column_ruins_hut, column_ruins_grid_3,
          column_ruins_columns_dead_end, column_ruins_open_medium,
          column_ruins_corridor_straight, column_ruins_open_tiny,
          column_ruins_grid_1, kennysheep_generic_room_4, uniq_frances,
          uniq_lodul
Lair:1:   layout_layer_cave, special_room [special_room_bee], uniq_maggie
Lair:2:   layout_cave_pods, chequers_serial_rivers_large_a, uniq_amaemon
Lair:3:   layout_cave_pods, swamp_mist_pool, spider_nest_entry_rubble
Lair:4:   layout_layer_cave, minmay_slime_entry_pillars, serial_bayou_ford_a,
          minivault_26
Lair:5:   evilmike_catoblepas_cave, layout_misc_corridors,
          nicolae_lair_grazing_beasts [nicolae_sub_lair_graze_edge,
          nicolae_sub_lair_graze_edge, nicolae_sub_lair_graze_edge,
          nicolae_sub_lair_graze_edge], grunt_megastairs_3
Orc:1:    layout_diamond_mine, enter_volcano_1
Orc:2:    st_orc_mages, layout_caves
Abyss:2:  base: Orc:2, hangedman_stitches_earthworm

Skill      XL: |  1  2  3  4  5  6  7  8  9 10 11 12 13 14 15 |
---------------+----------------------------------------------+-----
Conjurations   | 1 2 3 4 6 8 9 10 11 13 | 13.0
Air Magic      | 3 4 6 9 10 11 12 | 12.0
Spellcasting   | 2 3 4 5 6 7 8 9 |  9.0
Dodging        | 2 3 4 5 |  5.0
Stealth        | 2 |  2.0
Fighting       | 1 2 3 4 5 6 7 8 9 11 12 13 | 13.7
Evocations     | 1 2 |  2.0
Axes           | 1 2 3 5 6 |  6.5
Transmutations | 1 3 4 5 |  5.0
Earth Magic    | 2 |  2.0
Ice Magic      | 2 4 |  4.0
Armour         | 1 2 3 |  3.0
Shields        | 1 5 |  5.0
Summonings     | 1 |  1.0

Action                   |  1- 3 |  4- 6 |  7- 9 | 10-12 | 13-15 || total
-------------------------+-------+-------+-------+-------+-------++-------
Melee: Short sword       |     2 |       |       |       |       ||     2
       Unarmed           |     2 |       |       |       |       ||     2
       Hand axe          |       |    70 |    61 |   203 |   288 ||   622
       Punch             |       |       |     1 |     1 |     1 ||     3
       Broad axe         |       |       |       |       |    56 ||    56
Throw: Dart              |       |       |       |    14 |       ||    14
 Cast: Shock             |    65 |   118 |    44 |     4 |     1 ||   232
       Static Discharge  |     3 |     8 |     7 |    20 |    16 ||    54
       Airstrike         |       |     3 |    65 |   167 |   369 ||   604
       Swiftness         |       |       |     1 |       |     4 ||     5
       Stone Arrow       |       |       |    20 |    14 |    59 ||    93
       Wereblood         |       |       |     5 |     9 |    22 ||    36
       Ozocubu's Armour  |       |       |     2 |    11 |    22 ||    35
       Conjure Ball Ligh |       |       |       |    14 |    56 ||    70
       Irradiate         |       |       |       |       |    23 ||    23
       Orb of Destructio |       |       |       |       |    20 ||    20
 Abil: Evoke Blink       |       |       |       |       |     1 ||     1
Evoke: Wand              |       |       |       |     2 |     1 ||     3
  Use: Scroll            |     1 |     7 |    11 |     9 |    15 ||    43
       Potion            |     1 |       |       |     1 |    21 ||    23
 Stab: Sleeping          |       |       |     1 |       |     1 ||     2
       Petrified         |       |       |       |       |    10 ||    10
Armor: Robe              |     2 |     9 |    13 |    57 |   144 ||   225
Dodge: Dodged            |    13 |    49 |    63 |   227 |   301 ||   653
Block: Kite shield       |       |       |       |       |   172 ||   172
